 Dungeon Crawl Stone Soup version 0.24.0-123-gd5b16e6ec5 (webtiles) character file.

Game seed: 11181717786517405253, levelgen mode: deterministic

40 Johnny the Digger (level 3, 0/26 HPs)
             Began as a Demigod Earth Elementalist on Feb 1, 2020.
             Slain by Terence
             ... wielding a +0 trident
              (2 damage)
             ... on level 2 of the Dungeon.
             The game lasted 00:01:34 (1309 turns).

Johnny the Digger (Demigod Earth Elementalist)      Turns: 1309, Time: 00:01:35

Health: 0/26       AC:  2    Str: 10 (11) XL:     3   Next: 14%
Magic:  0/9        EV: 12    Int: 24 (26) God:
Gold:   52         SH:  0    Dex: 15 (16) Spells: 3/7 levels left

rFire    . . .     SeeInvis .   f - +0 spear
rCold    . . .     Gourm    .   (no shield)
rNeg     . . .     Faith    .   c - +0 robe
rPois    .         Spirit   .   (no helmet)
rElec    .         Reflect  .   (no cloak)
rCorr    .         Harm     .   (no gloves)
MR       .....                  (no boots)
Stlth    ++........             (no amulet)
HPRegen  0.08/turn              (no ring)
MPRegen  0.11/turn              (no ring)

@: brilliant, flying
A: high mp 1
a: no special abilities


You were on level 2 of the Dungeon.
You were very hungry.

You visited 1 branch of the dungeon, and saw 2 of its levels.

You collected 52 gold pieces.

Inventory:

Hand Weapons
 f - a +0 spear (weapon)
Missiles
 b - 61 stones (quivered)
Armour
 c - a +0 robe (worn)
Jewellery
 l - an uncursed ring of ice
Scrolls
 a - 2 scrolls of identify {unknown}
 e - 2 scrolls of remove curse {unknown}
 i - a scroll of amnesia {unknown}
 m - a scroll of fog {unknown}
 o - a scroll of blinking {unknown}
Potions
 n - a potion of brilliance
Comestibles
 d - 4 rations


   Skills:
 - Level 1.7 Dodging
 - Level 1.7 Stealth
 + Level 2.5 Spellcasting
   Level 0.8 Transmutations
 + Level 3.4 Earth Magic


You had 3 spell levels left.
You knew the following spells:

 Your Spells              Type           Power        Failure   Level  Hunger
a - Sandblast             Erth           ####..       1%          1    None
b - Stone Arrow           Conj/Erth      ####..       2%          3    ###....

Your spell library contained the following spells:

 Spells                   Type           Power        Failure   Level  Hunger
 Passwall                 Tmut/Erth      ####....     1%          2    ##.....
 Petrify                  Tmut/Erth      ####....     5%          4    ####...
 Lee's Rapid Deconstruct  Erth           ####......   9%          5    ######.


Dungeon Overview and Level Annotations

Branches:
Dungeon (2/15)

Annotations:
D:2 Terence


Innate Abilities, Weirdness & Mutations

You have an increased reservoir of magic. (+10% MP)


Message History

You feel very buoyant.
You fly up into the air.
Terence barely misses you.
It was a potion of curing.
You feel better. Terence hits you with a +0 trident!
It was a potion of brilliance.
You feel clever all of a sudden. Terence hits you with a +0 trident!
* * * LOW HITPOINT WARNING * * *
Unknown command.
Casting: Sandblast (safe; 1% risk of failure)
Confirm with . or Enter, or press ? or * to list all spells.
Aiming: Sandblast (safe; 1% risk of failure)
Press: ? - help, Shift-Dir - straight line, f/p - Terence
Aim: Terence, wielding a +0 trident and wearing a +0 scale mail (severely wounded)
The blast of sand misses Terence.
b - 61 stones Terence hits you with a +0 trident.
* * * LOW HITPOINT WARNING * * *
Unknown command.
Terence hits you from afar with a +0 trident.
You die...

.#.## ....#.###..# #...
#.## ####.###.###.##
#...
#.#########..).........
#...
#.##..............##.##
##.#
#.##.####.........##.#
. #.#
#.##.####............#
#.##.#
#.......#........@####
#.....
####.##.....#.....#
#..... #.#####......@<#
#..... #.. ...########
#..... #### ####
....... ........
#####... ##.# #. ..


You could see Terence.

Vanquished Creatures
  An adder (D:2)
  A worm (D:2)
  A dart slug (D:2)
  A leopard gecko (D:1)
  2 giant cockroaches (D:1)
  3 hobgoblins
  2 jackals (D:1)
  4 bats
  A frilled lizard (D:1)
  3 goblins
  4 kobolds
  3 rats (D:2)
26 creatures vanquished.

Notes
Turn   | Place    | Note
-------+----------+-------------------------------------------
     0 | D:1      | Johnny the Demigod Earth Elementalist began the quest for
                  | the Orb.
     0 | D:1      | Reached XP level 1. HP: 14/14 MP: 5/5
   255 | D:1      | Reached skill level 3 in Earth Magic
   326 | D:1      | Reached XP level 2. HP: 5/20 MP: 4/7
   831 | D:2      | Found an ancient bone altar of Kikubaaqudgha.
  1212 | D:2      | Reached XP level 3. HP: 24/26 MP: 4/9
  1219 | D:2      | Noticed Terence
  1283 | D:1      | Learned a level 3 spell: Stone Arrow
  1309 | D:2      | Slain by Terence

Levels and vault maps discovered:
D:1:      dpeg_arrival_three_smaller_balls, layout_basic,
          ebering_dispersal_statue_hall
D:2:      layout_loops_cross, nicolae_overflow_crystal_walls, first_ration,
          minmay_misc_feat_tower, chequers_serial_rivers_micro_e, uniq_terence

Skill      XL: |  1 |
---------------+----+-----
Spellcasting   | 2 |  2.5
Earth Magic    | 3 |  3.4
Dodging        | |  1.7
Stealth        | |  1.7
Transmutations | |  0.8

Action                   || total
-------------------------++-------
Melee: Spear             ||    50
       Unarmed           ||     3
 Cast: Sandblast         ||    28
       Stone Arrow       ||     1
  Use: Potion            ||     6
 Stab: Sleeping          ||     6
Armor: Robe              ||     7
Dodge: Dodged            ||    32
